 Dungeon Crawl Stone Soup version 0.28.0-53-g5a82cb258f (webtiles) character file.

Game seed: 16692548470770210367

87053 mcbry74 the Grappler (level 15, -3/161 HPs)
             Began as a Troll Fighter on July 7, 2022.
             Was a High Priest of Trog.
             Constricted to death by Jorgrun (8 damage)
             ... on level 9 of the Dungeon.
             The game lasted 01:28:32 (21207 turns).

mcbry74 the Grappler (Troll Fighter)               Turns: 21207, Time: 01:28:33

Health: -3/161     AC: 13    Str: 32    XL:     15   Next: 42%
Magic:  14/14      EV:  6    Int:  6    God:    Trog [*****.]
Gold:   1459       SH: 13    Dex:  9    Spells: 14/14 levels left

rFire   . . .      SeeInvis .     - Unarmed
rCold   . . .      Faith    .   b - +0 kite shield
rNeg    . . .      Spirit   .   F - +0 troll leather armour
rPois   +          Reflect  +   (helmet restricted)
rElec   .          Harm     .   o - +2 cloak
rCorr   .          Rampage  .   (gloves unavailable)
Will    +++..                   (boots unavailable)
Stlth   +.........              l - amulet of reflection
HPRegen 2.96/turn               S - +4 ring of protection
MPRegen 0.14/turn               A - ring of poison resistance

@: grasped by roots, strong-willed, regenerating, constricted
A: large, unfitting armour, claws 3, regeneration 1, shaggy fur 1, tough skin 1
a: Renounce Religion, Berserk, Trog's Hand, Brothers in Arms


You were on level 9 of the Dungeon.
You worshipped Trog.
Trog was extremely pleased with you.
You visited 4 branches of the dungeon, and saw 20 of its levels.
You also visited: Volcano.

You collected 1459 gold pieces.

Inventory:

Hand Weapons
 J - a +4 flail
Missiles
 s - 29 poisoned darts
 u - 15 boomerangs
 P - 3 large rocks (quivered)
 T - 5 curare-tipped darts
 Y - 9 silver javelins
Armour
 b - a +0 kite shield (worn)
 o - a +2 cloak (worn)
 y - a +2 robe of cold resistance
 F - a +0 troll leather armour (worn)
 O - the +4 Cigotuvi's embrace {rMiasma Drain rN+}
   (You found it on level 11 of the Dungeon)

   It gathers nearby corpses to temporarily increase the armour it provides.
   It protects you from foul pestilence.
   rN:        It protects you from negative energy.
   Drain:     It drains your maximum health when unequipped.
Jewellery
 a - an amulet of magic regeneration
 d - a ring of see invisible
 l - an amulet of reflection (around neck)
 p - a ring of flight
 A - a ring of poison resistance (right claw)
 M - a ring of ice
 S - a +4 ring of protection (left claw)
Wands
 x - a wand of iceblast (27)
 C - a wand of polymorph (12)
 E - a wand of paralysis (11)
 I - a wand of flame (31)
 R - a wand of charming (17)
 Z - a wand of acid (19)
Scrolls
 k - a scroll of immolation
 m - 4 scrolls of teleportation
 r - 3 scrolls of enchant weapon
 z - 4 scrolls of enchant armour
 B - a scroll of torment
 G - 2 scrolls of fear
 H - 4 scrolls of fog
 W - 3 scrolls of vulnerability
Potions
 c - 3 potions of might
 e - 3 potions of flight {unknown}
 f - 8 potions of curing
 h - 3 potions of heal wounds
 j - a potion of mutation {unknown}
 n - 2 potions of haste {unknown}
 t - 5 potions of lignification
 v - 4 potions of invisibility {unknown}
 w - 3 potions of attraction {unknown}
 D - a potion of cancellation {unknown}
 Q - a potion of brilliance {unknown}
 V - a potion of resistance {unknown}


   Skills:
 * Level 13.2 Fighting
 * Level 13.7 Maces & Flails
 + Level 9.2 Throwing
 + Level 4.3 Armour
 + Level 5.6 Dodging
 + Level 5.5 Shields
 + Level 14.1 Unarmed Combat
 + Level 4.0 Evocations


You had 14 spell levels left.
You didn't know any spells.
Your spell library contained the following spells:

 Spells                   Type           Power      Damage    Failure   Level
 Conjure Flame            Conj/Fire      0%         6-21      98%         3
 Ignite Poison            Fire/Tmut/Pois 0%         N/A       98%         3
 Inner Flame              Hex/Fire       0%         N/A       98%         3
 Cause Fear               Hex            0%         N/A       100%        4
 Sticky Flame             Conj/Fire      0%         2d3       100%        4
 Discord                  Hex            0%         N/A       100%        8


Dungeon Overview and Level Annotations

Branches:
Dungeon (12/15)            Temple (1/1) D:5            Lair (6/6) D:8
  Swamp (0/4) Lair:4        Snake (0/4) Lair:2        Slime (0/5) Lair:6
    Orc (1/2) D:9         Volcano (visited)

Altars:
Ashenzari
Cheibriados
Dithmenos
Elyvilon
Fedhas
Gozag
Hepliaklqana
Kikubaaqudgha
Makhleb
Nemelex Xobeh
Okawaru
Qazlal
Ru
Sif Muna
Trog
Uskayaw
Vehumet
Wu Jian
Xom
Yredelemnul
Zin
The Shining One
Jiyva

Shops:
D:4 (

Annotations:
D:9 Jorgrun


Innate Abilities, Weirdness & Mutations

You are too large for most types of armour.
You have claws for hands.
Your natural rate of healing is unusually fast.
You are covered in fur. (AC +1)
You have tough skin. (AC +1)


Message History

* * * LOW HITPOINT WARNING * * *
The orc hits you with a +0 short sword.
* * * LOW HITPOINT WARNING * * *
Jorgrun hits you but does no damage. The grasping roots constrict you!
* * * LOW HITPOINT WARNING * * *
The orc priest hits you but does no damage.
The orc warrior hits you with a +0 war axe of electrocution!
* * * LOW HITPOINT WARNING * * *
The orc hits you with a +0 short sword.
Jorgrun hits you with a +0 vorpal quarterstaff!
* * * LOW HITPOINT WARNING * * *
x2 The grasping roots constrict you.
The orc priest hits you but does no damage.
The orc warrior hits you but does no damage.
The orc completely misses you. Jorgrun hits you but does no damage.
The grasping roots constrict you!
* * * LOW HITPOINT WARNING * * *
The orc priest hits you but does no damage.
The orc warrior hits you but does no damage.
You turn to flesh and can move again.
Your skin crawls.
You feel strong-willed. The orc hits you with a +0 short sword.
* * * LOW HITPOINT WARNING * * *
You block Jorgrun's attack. The grasping roots constrict you!
* * * LOW HITPOINT WARNING * * *
The orc priest hits you but does no damage.
You block the orc warrior's attack.
Okay, then.
Okay, then.
The roots' grasp on you weakens, but your attempt to escape fails.
You block the orc's attack. Jorgrun casts a spell at you.
You resist with almost no effort. The grasping roots constrict you!
* * * LOW HITPOINT WARNING * * *
You block the orc priest's attack. You block the orc warrior's attack.
The roots' grasp on you weakens, but your attempt to escape fails.
You block the orc's attack. You block Jorgrun's attack.
The grasping roots constrict you!
You die...

#...........# #...........# #
#...........# #.......>...# #
#...........# #....[......# #
#...........# #...........# #
#...†.......# #...........# #
#..........#######.#........# #
#..........#8...8#.#........# #
#..<.......#...o.#.#........# #
#..........#..>g@'.#........# #
#..........#..oo.#[#........# #
#..........#8...8#[#).......# #
#..........#######[#........#####
#...........# #...[.....!.......
............# #.)########.......
#...........# #.)# #>.#####
#...........# #..# #..# #
#...........# #..# #..# #


You could see Jorgrun, an orc warrior, an orc priest and an orc.

Vanquished Creatures
  Fannar (D:11)
  2 boulder beetles
  5 catoblepae
  10 hydras
  4 two-headed ogres
  24 death yaks
  A hell hog (Volcano)
  Urug (Lair:4)
  Nergalle (Lair:2)
  Sonja (Lair:1)
  A fire crab (Volcano)
  2 bog bodies (Lair:4)
  An ugly thing (D:12)
  An orc knight (D:12)
  A wolf spider (Lair:4)
  A cyclops (D:12)
  3 manticores
  7 black mambas
  10 elephants
  21 cane toads
  3 torpor snails
  2 molten gargoyles (Volcano)
  A kobold demonologist (D:12)
  8 komodo dragons
  A redback zombie (D:11)
  3 hellwings (D:11)
  4 rime drakes
  A harpy zombie (D:11)
  4 trolls
  5 polar bears
  3 hornets
  12 blink frogs
  19 dream sheep
  A meliai zombie (D:11)
  3 wyverns
  2 wraiths
  66 yaks
  A vampire (D:11)
  7 basilisks
  2 fire bats (Volcano)
  A steam dragon (D:7)
  A naga (Lair:2)
  2 wargs (D:8)
  4 hell hounds (Volcano)
  26 water moccasins
  8 orc warriors
  A sky beast (D:7)
  10 black bears
  2 hornet zombies (D:11)
  An ice beast (D:6)
  A necrophage (D:7)
  12 centaurs
  6 ogres
  46 wolves
  2 kobold brigands (D:9)
  3 scorpions
  18 bullfrogs
  3 gnoll sergeants
  A wyvern zombie (D:8)
  A water moccasin skeleton (D:4)
  10 killer bees
  9 wights
  2 howler monkeys
  2 electric eels (Lair:3)
  5 lava snakes (Volcano)
  2 bullfrog zombies
  4 jellies
  4 centaur zombies
  3 centaur skeletons
  4 orc priests
  Crazy Yiuf (D:4)
  A bullfrog skeleton (D:5)
  A gnoll shaman (D:8)
  5 hounds
  An iguana (D:4)
  9 orc wizards
  A killer bee zombie (D:7)
  17 gnolls
  5 adders
  A shadow imp (D:7)
  A worm (D:3)
  4 dart slugs
  28 orcs
  9 endoplasms
  3 giant cockroaches
  6 goblins
  6 hobgoblins
  10 kobolds
  3 quokkas
  3 ball pythons
  5 bats
  2 frilled lizards (D:1)
  5 rats
567 creatures vanquished.

Vanquished Creatures (others)
  35 fungi
  38 plants
73 creatures vanquished.

Grand Total: 640 creatures vanquished

Notes
Turn   | Place    | Note
-------+----------+-------------------------------------------
     0 | D:1      | mcbry74 the Troll Fighter began the quest for the Orb.
     0 | D:1      | Reached XP level 1. HP: 22/22 MP: 0/0
    88 | D:1      | Reached XP level 2. HP: 29/29 MP: 1/1
   414 | D:1      | Reached XP level 3. HP: 33/36 MP: 2/2
  1144 | D:3      | Noticed a centaur
  1154 | D:3      | Killed a centaur
  1155 | D:3      | Reached skill level 3 in Unarmed Combat
  1155 | D:3      | Reached XP level 4. HP: 24/45 MP: 3/3
  1282 | D:3      | Noticed a scorpion
  1289 | D:3      | Killed a scorpion
  1290 | D:3      | Reached skill level 4 in Unarmed Combat
  1290 | D:3      | Reached XP level 5. HP: 53/53 MP: 4/4
  1366 | D:3      | Found a faded altar of an unknown god.
  1770 | D:4      | Reached skill level 5 in Unarmed Combat
  1770 | D:4      | Reached XP level 6. HP: 29/61 MP: 5/5
  1891 | D:4      | Found a runed translucent door.
  1892 | D:4      | Noticed Crazy Yiuf
  1897 | D:4      | Killed Crazy Yiuf
  1980 | D:4      | Reached skill level 6 in Unarmed Combat
  2106 | D:4      | Reached XP level 7. HP: 67/67 MP: 6/6
  2153 | D:4      | Found a shimmering altar of Xom.
  2208 | D:4      | Found Pejifeloyt's Weapon Shop.
  2268 | D:4      | Found a broken altar of Ashenzari.
  2284 | D:4      | Found an opulent altar of Gozag.
  2401 | D:4      | Reached skill level 7 in Unarmed Combat
  2558 | D:5      | Entered Level 5 of the Dungeon
  2647 | D:5      | Reached skill level 8 in Unarmed Combat
  2680 | D:5      | Found a sparkling altar of Nemelex Xobeh.
  2870 | D:5      | Reached XP level 8. HP: 75/75 MP: 7/7
  3005 | D:5      | Found a staircase to the Ecumenical Temple.
  3012 | D:5      | Reached skill level 9 in Unarmed Combat
  3016 | Temple   | Entered the Ecumenical Temple
  3334 | Temple   | Became a worshipper of Trog the Wrathful
  4007 | D:6      | Found a sacrificial altar of Ru.
  4288 | D:7      | Reached skill level 10 in Unarmed Combat
  4552 | D:7      | Reached skill level 1 in Throwing
  4898 | D:7      | Reached XP level 9. HP: 81/81 MP: 8/8
  5017 | D:7      | Reached * piety under Trog
  5062 | D:7      | Reached skill level 11 in Unarmed Combat
  5125 | D:7      | Found an ornate altar of the Wu Jian Council.
  5191 | D:7      | Found a white marble altar of Elyvilon.
  5767 | D:8      | Reached skill level 5 in Throwing
  5827 | D:8      | Reached skill level 12 in Unarmed Combat
  5830 | D:8      | Found a staircase to the Lair.
  5893 | D:8      | Reached ** piety under Trog
  6059 | D:8      | Found a snail-covered altar of Cheibriados.
  6109 | D:8      | Found a radiant altar of Vehumet.
  6144 | D:8      | Found a shimmering blue altar of Sif Muna.
  6358 | D:9      | Found a glowing golden altar of the Shining One.
  6508 | D:9      | Noticed a troll
  6528 | D:9      | Killed a troll
  6529 | D:9      | Reached XP level 10. HP: 73/91 MP: 9/9
  6849 | D:9      | Found a staircase to the Orcish Mines.
  6976 | D:9      | Reached skill level 13 in Unarmed Combat
  7293 | D:9      | Reached skill level 1 in Maces & Flails
  7329 | D:9      | Identified a scroll of acquirement
  7330 | D:9      | Acquired a manual of Fighting
  7404 | D:9      | Found a glowing silver altar of Zin.
  7626 | D:10     | Entered Level 10 of the Dungeon
  7745 | D:10     | Noticed a two-headed ogre
  7777 | D:10     | Killed a two-headed ogre
  7910 | D:10     | Found an iron altar of Okawaru.
  7967 | D:10     | Noticed a two-headed ogre
  8060 | D:10     | Killed a two-headed ogre
  8061 | D:10     | Reached XP level 11. HP: 97/101 MP: 10/10
  8501 | D:11     | Reached skill level 5 in Fighting
  8976 | D:11     | Noticed a two-headed ogre
  9025 | D:11     | Killed a two-headed ogre
  9026 | D:11     | Reached skill level 5 in Maces & Flails
  9106 | D:11     | Noticed a boulder beetle
  9139 | D:11     | Killed a boulder beetle
  9325 | D:11     | Reached *** piety under Trog
  9488 | D:11     | Noticed Fannar
  9512 | D:11     | Killed Fannar
 10050 | D:11     | Found the +4 Cigotuvi's embrace {rMiasma Drain rN+}
 10324 | D:12     | Noticed a red ugly thing
 10338 | D:12     | Killed a red ugly thing
 10491 | D:12     | Noticed an orc knight
 10499 | D:12     | Killed an orc knight
 10501 | D:12     | Reached XP level 12. HP: 96/122 MP: 11/11
 10812 | D:12     | Noticed a two-headed ogre
 10828 | D:12     | Killed a two-headed ogre
 11604 | Lair:1   | Entered Level 1 of the Lair of Beasts
 11743 | Lair:1   | Found a dark tunnel.
 11749 | Volcano  | Entered a volcano
 11974 | Volcano  | Found a bloodstained altar of Trog.
 11974 | Volcano  | Noticed a hell hog
 11983 | Volcano  | Killed a hell hog
 11984 | Volcano  | Reached skill level 10 in Maces & Flails
 12120 | Volcano  | Reached skill level 10 in Fighting
 12340 | Lair:1   | Noticed a six-headed hydra
 12363 | Lair:1   | Noticed Sonja
 12368 | Lair:1   | Killed Sonja
 12561 | Lair:1   | Killed a six-headed hydra
 12998 | Lair:1   | Reached XP level 13. HP: 137/137 MP: 12/12
 13026 | Lair:1   | Reached **** piety under Trog
 13437 | Lair:2   | Noticed Nergalle
 13460 | Lair:2   | Killed Nergalle
 13633 | Lair:2   | Reached skill level 1 in Armour
 13666 | Lair:2   | Reached skill level 1 in Evocations
 14116 | Lair:2   | Found a staircase to the Snake Pit.
 15156 | Lair:3   | Reached XP level 14. HP: 149/149 MP: 13/13
 15164 | Lair:3   | Reached ***** piety under Trog
 16050 | Lair:4   | Identified the +1 falchion of Emmoynwy {vorpal, *Corrode
                  | rC+++ Str+3 Dex+2}
 16754 | Lair:4   | Found a staircase to the Swamp.
 16956 | Lair:4   | Noticed Urug
 16962 | Lair:4   | Killed Urug
 17759 | Lair:5   | Reached skill level 5 in Shields
 17798 | Lair:5   | Reached skill level 5 in Dodging
 18030 | Lair:5   | Received a gift from Trog
 18425 | Lair:6   | Entered Level 6 of the Lair of Beasts
 18681 | Lair:6   | Found a staircase to the Slime Pits.
 18681 | Lair:6   | Found a viscous altar of Jiyva.
 19137 | Lair:6   | Reached XP level 15. HP: 101/158 MP: 14/14
 19360 | Lair:6   | Reached skill level 14 in Unarmed Combat
 20053 | Lair:6   | Received a gift from Trog
 21154 | Orc:1    | Entered Level 1 of the Orcish Mines
 21154 | Orc:1    | Noticed Jorgrun
 21205 | D:9      | HP: 7/161 [constriction (12)]
 21206 | D:9      | HP: 2/161 [constriction (8)]
 21207 | D:9      | Constricted to death by Jorgrun

Illustrated notes

Levels and vault maps discovered:
D:1:      elethiomel_arrival_infinity_welcomes_careful_drivers, layout_basic,
          minmay_misc_feat_secret_circle, minmay_split_cup_large
D:2:      minmay_alternating_diamond, layout_rooms
D:3:      layout_loops_ring, shapermc_ecumenical_altar_totnotflames
D:4:      layout_rooms, nicolae_gozag_cash_rules_everything_around_me,
          mainiacjoe_overflow_paths, evilmike_ruin_ashenzari, serial_shops,
          nicolae_shop_bloodbath_and_beyond,
          minmay_a_box_with_orc_wizards_in_it, uniq_crazy_yiuf_cottage
D:5:      layout_rooms, mainiacjoe_overflow_brackets,
          minmay_temple_entry_crystal_x
D:6:      layout_cave_pods, nicolae_ru_the_path_less_chosen
D:7:      layout_loops_corners, nicolae_elyvilon_temple_path, marbit_many_paths
D:8:      layout_rooms, mainiacjoe_overflow_catwalk,
          mainiacjoe_overflow_catch_the_wave, erik_lair_orcish_takeover
D:9:      layout_long_grid, tso_metal_star, mainiacjoe_overflow_surrounded_room,
          kennysheep_orc_monster_closet_entryway
D:10:     layout_loops_ring, okawaru_trees_2
D:11:     layout_stronghold, chequers_serial_rivers_large_a,
          hellmonk_guarded_unrand_cigotuvi, uniq_fannar
D:12:     layout_basic
Temple:   compressed_dpeg_triangle_lava_temple
Lair:1:   beast_lair_carwin_large_1, layout_cellular_growth,
          nicolae_volcano_entry_s_turn, grunt_forest_large_clearings, uniq_sonja
Lair:2:   nzn_winding_woodlands_large [nzn_winding_woodlands_5x5_checkerboard,
          nzn_winding_woodlands_5x15_sidewinder,
          nzn_winding_woodlands_5x5_closed_star,
          nzn_winding_woodlands_center_lodge,
          nzn_winding_woodlands_15x15_killbox,
          nzn_winding_woodlands_center_triple_pond,
          nzn_winding_woodlands_5x5_default, nzn_winding_woodlands_5x15_pockets,
          nzn_winding_woodlands_hourglass], layout_chaotic_city,
          guppyfry_snake_entry_garden, uniq_nergalle
Lair:3:   layout_long_grid, beast_lair_carwin_3, grunt_megastairs_3,
          lemuel_fruit_tree, infiniplex_staircase_pool, serial_bayou_shore_a
Lair:4:   layout_cave_pods, skrybe_swamp_entry_bodies,
          chequers_serial_rivers_room_b, nicolae_lair_run_with_the_wolves,
          uniq_urug
Lair:5:   layout_hall_layers, minivault_25, lemuel_fruit_fields,
          lemuel_fruit_fields
Lair:6:   evilmike_catoblepas_cave, layout_cave_pods, slime_altar_1
Orc:1:    layout_caves, portal_ice_cave_rime, basic_altar, uniq_jorgrun

Skill      XL: |  1  2  3  4  5  6  7  8  9 10 11 12 13 14 15 |
---------------+----------------------------------------------+-----
Fighting       | 3 4 8 11 12 13 | 13.2
Dodging        | 3 4 5 |  5.6
Shields        | 3 4 5 |  5.5
Unarmed Combat | 3 4 5 6 8 10 12 13 14 | 14.1
Throwing       | 2 6 7 8 9 |  9.2
Maces & Flails | 4 8 11 12 13 | 13.7
Armour         | 2 3 4 |  4.3
Evocations     | 2 3 4 |  4.0

Action                   |  1- 3 |  4- 6 |  7- 9 | 10-12 | 13-15 || total
-------------------------+-------+-------+-------+-------+-------++-------
Melee: Unarmed           |    85 |    92 |   310 |   588 |   974 ||  2049
       Flail             |       |       |       |     2 |    76 ||    78
Throw: Dart              |       |       |    10 |    28 |       ||    38
       Large rock        |       |       |       |     2 |    31 ||    33
Invok: Trog's Hand       |       |       |       |     9 |     6 ||    15
       Berserk           |       |       |       |     3 |     2 ||     5
  Use: Scroll            |       |       |     3 |    11 |     7 ||    21
       Potion            |       |       |       |       |     1 ||     1
 Stab: Sleeping          |     1 |       |     1 |       |       ||     2
       Petrified         |       |       |       |       |     7 ||     7
Armor: Robe              |    42 |    13 |    83 |       |       ||   138
       Troll leather arm |       |       |       |   212 |   346 ||   558
Dodge: Dodged            |    28 |    23 |    97 |   177 |   309 ||   634
Block: Kite shield       |    38 |    32 |   189 |   396 |   622 ||  1277
       Reflection        |       |       |     8 |    17 |       ||    25
